Map: Deathaura LE

Players

Cham - Winner!

  • Race: Zerg Zerg
  • League: Grandmaster
  • Spawn Location: 5:00

SpeCial

  • Race: Terran Terran
  • League: Master
  • Spawn Location: 11:00

Event: DreamHack SC2 Masters 2020 Winter

VOD

Have the link to the VOD?

Description

Time

  • Played on: Oct. 23, 2020, 4:36 p.m.
  • Length: 14:56

All games in this series

Show
View Real Time Build Order
Export as new Build Order

Cham Zerg - Winner!

Build Orders: Hatch First, Muta Ling Bane 

Get SALT Encoding   

  12  0:00  Drone  
  13  0:08  Drone  
  14  0:17  Overlord  
  14  0:35  Drone x2  
  16  0:46  Hatchery  
  15  0:50  Drone  
  16  0:57  Drone  
  16  0:59  Drone  
  18  1:11  Extractor  
  18  1:13  Spawning Pool  
  18  1:16  Drone  
  17  1:19  Drone  
  18  1:29  Drone  
  19  1:41  Drone  
  20  1:53  Overlord  
  20  2:01  Queen  
  20  2:02  Queen, Zergling x2  
  20  2:03  Zergling x2  
  26  2:11  Drone  
  26  2:13  Metabolic Boost  
  26  2:15  Drone  
  28  2:21  Drone  
  29  2:23  Drone  
  30  2:40  Hatchery  
  30  2:43  Spore Crawler  
  28  2:46  Drone x3  
  28  2:49  Queen  
  34  2:56  Overlord  
  34  2:57  Drone  
  35  3:02  Drone  
  35  3:04  Overlord  
  36  3:15  Drone x2  
  36  3:16  Drone x3  
  41  3:22  Drone  
  41  3:25  Queen  
  44  3:29  Overlord  
  44  3:33  Drone  
  45  3:39  Zergling x2  
  46  3:41  Zergling x2  
  46  3:42  Zergling x2  
  46  3:46  Drone x4  
  46  3:47  Drone  
  53  3:53  Queen  
  53  3:55  Drone x3  
  58  4:02  Drone, Baneling Nest  
  58  4:03  Lair  
  58  4:06  Drone, Extractor  
  58  4:11  Drone x2  
  58  4:13  Overlord  
  58  4:14  Drone  
  58  4:16  Drone  
  62  4:17  Drone  
  62  4:18  Drone  
  62  4:20  Drone  
  62  4:23  Overlord  
  65  4:25  Overlord  
  65  4:28  Overlord  
  66  4:38  Drone  
  66  4:39  Overlord  
  66  4:41  Queen x2  
  66  4:43  Drone  
  66  4:44  Drone x3  
  74  4:47  Zergling x4  
  74  4:50  Drone x2  
  74  4:51  Drone  
  79  4:55  Drone x2  
  79  4:57  Zergling x6  
  79  4:58  Drone  
  85  5:01  Extractor x2  
  85  5:03  Extractor x2  
  85  5:05  Spire  
  85  5:06  Baneling x3  
  79  5:11  Zergling x4  
  79  5:12  Drone x3  
  84  5:16  Overlord  
  84  5:17  Drone x2  
  84  5:20  Drone  
  87  5:25  Drone x4  
  91  5:29  Overlord  
  91  5:30  Drone  
  92  5:37  Hatchery  
  92  5:38  Overlord  
  92  5:42  Drone x2  
  93  5:47  Overlord  
  93  5:49  Overlord  
  93  5:52  Drone x2  
  93  5:53  Drone  
  96  5:59  Overseer  
  96  6:01  Evolution Chamber x2, Spore Crawler  
  93  6:05  Overseer  
  89  6:18  Mutalisk x5  
  89  6:21  Mutalisk  
  89  6:22  Mutalisk  
  104  6:27  Mutalisk x2  
  107  6:33  Drone x2  
  107  6:34  Drone  
  107  6:37  Overlord  
  107  6:39  Mutalisk x2  
  114  6:40  Hatchery  
  105  6:48  Overseer  
  105  6:53  Mutalisk  
  105  6:56  Drone x5  
  109  7:07  Zergling x2  
  109  7:08  Zergling x12  
  115  7:09  Baneling x8  
  115  7:13  Mutalisk  
  115  7:15  Zergling x2  
  118  7:17  Drone  
  118  7:18  Drone x2  
  120  7:23  Mutalisk  
  120  7:25  Baneling  
  120  7:26  Zergling x4  
  121  7:32  Zergling x2  
  113  7:46  Mutalisk  
  113  7:47  Mutalisk x3  
  113  7:48  Zergling x4  
  113  7:50  Zergling x2  
  118  7:53  Mutalisk  
  118  7:58  Zergling x6  
  113  8:03  Mutalisk  
  113  8:04  Hatchery, Zergling x2  
  113  8:05  Zergling x6  
  113  8:10  Drone  
  113  8:11  Drone  
  113  8:15  Drone  
  113  8:23  Drone x2  
  115  8:28  Mutalisk, Hatchery  
  115  8:31  Overlord  
  115  8:32  Mutalisk x3  
  122  8:38  Zerg Ground Armor Level 1  
  122  8:41  Overlord  
  122  8:45  Overlord  
  122  8:46  Overlord  
  122  8:49  Centrifical Hooks  
  122  8:51  Drone, Overlord  
  122  8:52  Drone x6  
  122  8:55  Drone  
  130  8:59  Zerg Melee Weapons Level 1  
  130  9:00  Drone x2  
  130  9:02  Mutalisk x2  
  132  9:07  Drone x2  
  132  9:09  Baneling x3  
  138  9:10  Zergling x2  
  138  9:14  Mutalisk  
  135  9:18  Extractor  
  135  9:20  Extractor  
  133  9:24  Drone  
  133  9:25  Drone x3, Mutalisk  
  133  9:27  Zergling x10  
  133  9:30  Drone x2  
  146  9:33  Mutalisk, Infestation Pit  
  146  9:34  Zergling x4  
  146  9:35  Zergling x2  
  146  9:37  Zergling x2, Overseer  
  142  9:52  Drone x2  
  144  9:53  Drone  
  144  9:54  Zergling x20  
  144  9:55  Baneling x8  
  144  9:56  Baneling x5  
  144  9:59  Drone x3  
  159  10:00  Drone  
  159  10:03  Mutalisk  
  159  10:04  Zergling x6  
  164  10:10  Drone x2  
  164  10:11  Drone x2, Mutalisk  
  164  10:12  Mutalisk  
  172  10:16  Zergling x4  
  172  10:20  Baneling x2  
  166  10:31  Drone  
  166  10:32  Drone x9  
  166  10:34  Spore Crawler  
  158  10:43  Drone x10  
  158  10:45  Overseer  
  158  10:46  Drone x4  
  168  10:50  Mutalisk x2  
  168  10:54  Overlord  
  168  10:55  Zerg Ground Armor Level 2  
  168  11:02  Drone x2  
  168  11:03  Drone x3  
  168  11:07  Spore Crawler, Overseer  
  168  11:09  Zergling x2  
  168  11:10  Zergling x12  
  174  11:17  Zergling x2  
  174  11:18  Zergling x10  
  180  11:21  Baneling x4  
  180  11:22  Hive  
  180  11:26  Zergling x4  
  180  11:28  Overlord x2  
  180  11:30  Overlord  
  182  11:35  Overlord  
  159  11:48  Zergling x12  
  159  11:49  Zergling x12  
  159  11:54  Zergling x6  
  172  11:56  Zergling x2  
  172  11:57  Zergling x6  
  172  11:58  Zergling x2  
  177  12:01  Zergling x10  
  177  12:04  Drone  
  180  12:08  Baneling x12  
  180  12:09  Baneling x11  
  180  12:10  Zergling x8  
  180  12:11  Zergling x2  
  180  12:15  Baneling x6  
  185  12:24  Zergling x2  
  185  12:25  Zergling x4  
  185  12:27  Zergling x2  
  189  12:30  Zergling x2  
  189  12:36  Zergling x16  
  178  12:40  Hatchery, Zergling x2  
  178  12:41  Zergling x12  
  178  12:42  Adrenal Glands  
  182  12:44  Overseer  
  182  12:46  Baneling x2  
  182  12:53  Drone x6  
  182  12:56  Drone, Ultralisk Cavern  
  182  12:57  Overseer  
  188  13:00  Drone, Zergling x2  
  188  13:01  Zergling x2  
  188  13:02  Baneling x5  
  188  13:04  Zergling x2  
  192  13:07  Zergling x4  
  192  13:11  Zergling x2  
  192  13:12  Baneling x5  
  191  13:15  Zergling x2  
  191  13:16  Zergling x12  
  191  13:18  Spore Crawler  
  197  13:21  Overseer  
  197  13:24  Zergling x2  
  195  13:27  Zergling x2  
  195  13:28  Zergling x2  
  189  13:35  Zergling x2  
  189  13:38  Zergling x10  
  189  13:39  Zergling x2  
  185  13:44  Zergling x8  
  185  13:47  Zergling x10  
  173  13:52  Zergling x4  
  170  13:59  Baneling x17  
  170  14:01  Zergling x12  
  167  14:04  Zergling x2  
  167  14:06  Zergling x2  
  167  14:08  Baneling x9  
  167  14:09  Zergling x2  
  154  14:10  Zergling x2  
  154  14:11  Zergling x2  
  128  14:20  Zergling x4  
  128  14:22  Zergling x6  
  128  14:23  Overseer  
  124  14:34  Zergling x8  
Show
View Real Time Build Order
Export as new Build Order

SpeCial Terran 

Build Orders: Reaper Expand 

Get SALT Encoding   

  12  0:01  SCV  
  13  0:13  SCV  
  14  0:18  Supply Depot  
  14  0:25  SCV  
  15  0:39  SCV  
  15  0:41  Barracks  
  16  0:43  Refinery  
  16  0:51  SCV  
  17  1:03  SCV  
  18  1:15  SCV  
  19  1:28  Orbital Command, Reaper  
  20  1:39  Command Center  
  20  1:50  Supply Depot  
  20  1:54  SCV  
  21  2:00  Marine  
  22  2:03  Factory  
  22  2:06  SCV  
  23  2:19  SCV  
  25  2:28  Barracks Reactor  
  24  2:31  SCV  
  25  2:37  Command Center  
  25  2:43  SCV  
  26  2:51  Orbital Command  
  26  2:58  Starport  
  26  2:59  SCV  
  27  3:07  Refinery  
  27  3:11  SCV  
  27  3:12  Hellion  
  30  3:13  Hellion  
  30  3:15  Marine  
  30  3:18  SCV  
  34  3:23  SCV  
  35  3:29  Supply Depot  
  35  3:30  SCV  
  36  3:35  SCV, Viking  
  39  3:41  Hellion  
  39  3:42  SCV  
  39  3:44  Hellion  
  39  3:46  Barracks Tech Lab  
  39  3:48  SCV  
  45  3:54  SCV  
  46  3:55  Orbital Command  
  46  4:00  Factory  
  46  4:03  SCV  
  46  4:06  SCV  
  48  4:12  Supply Depot, Hellion  
  48  4:14  Hellion  
  48  4:16  SCV  
  53  4:19  Refinery  
  53  4:24  Armory  
  53  4:26  SCV  
  53  4:27  SCV  
  53  4:28  SCV  
  56  4:34  Hellion  
  56  4:35  Supply Depot  
  58  4:39  SCV  
  58  4:40  SCV  
  58  4:43  SCV  
  61  4:47  Refinery  
  61  4:52  SCV x2  
  63  4:55  Widow Mine x2  
  63  4:56  Widow Mine, Medivac  
  63  4:58  Supply Depot  
  71  5:00  SCV  
  71  5:03  Barracks Tech Lab  
  71  5:04  SCV x2  
  74  5:10  Supply Depot  
  74  5:12  SCV  
  74  5:13  Orbital Command, Drilling Claws  
  75  5:16  Widow Mine, SCV  
  75  5:18  Widow Mine x2  
  82  5:23  Marine, Stimpack  
  83  5:32  Medivac  
  83  5:35  Barracks  
  85  5:37  SCV x2, Barracks  
  85  5:38  Widow Mine  
  85  5:39  Widow Mine  
  85  5:41  Marine  
  92  5:45  Widow Mine  
  92  5:46  SCV  
  92  5:49  SCV x2, Engineering Bay  
  97  5:54  Engineering Bay  
  97  5:58  SCV  
  97  5:59  Widow Mine  
  97  6:01  SCV  
  101  6:10  Starport Reactor  
  101  6:15  SCV  
  101  6:16  Widow Mine  
  101  6:17  Supply Depot, Barracks  
  101  6:18  Marine, Barracks  
  101  6:22  Terran Infantry Armor Level 1, Terran Infantry Weapons Level 1  
  101  6:24  SCV  
  100  6:26  SCV  
  100  6:30  Barracks Reactor x2  
  100  6:31  SCV  
  100  6:35  Command Center  
  100  6:36  Marine  
  100  6:37  SCV  
  100  6:39  SCV  
  103  6:46  Widow Mine x3  
  107  6:48  Missile Turret  
  107  6:50  Missile Turret  
  107  6:52  SCV  
  107  6:53  SCV  
  93  7:02  Marine, Orbital Command  
  93  7:03  Combat Shield  
  87  7:08  Marine  
  87  7:09  Marine x4  
  87  7:10  Barracks Reactor  
  87  7:11  Thor  
  87  7:12  Widow Mine x2  
  87  7:14  Medivac x2  
  99  7:19  Marine  
  94  7:25  SCV x2  
  94  7:26  Marine x3  
  94  7:27  Marine  
  92  7:37  Marine x2  
  84  7:44  Widow Mine x2, Marine x4  
  83  7:47  SCV  
  83  7:49  Marine  
  81  7:52  Marine  
  81  7:54  Marine  
  81  7:55  Marine  
  79  8:02  Marine x4  
  79  8:03  SCV  
  77  8:09  SCV x2  
  77  8:12  Marine x3  
  77  8:13  Marine  
  77  8:14  Widow Mine x2  
  77  8:15  SCV  
  85  8:20  Marine x2  
  85  8:21  Widow Mine, SCV x2  
  91  8:27  SCV  
  91  8:33  SCV  
  93  8:35  Supply Depot x2  
  93  8:38  Barracks Reactor  
  93  8:56  Marine, Medivac x2, SCV x3  
  93  8:57  Widow Mine x2, Marine x3, Supply Depot  
  93  8:58  Marine  
  93  8:59  Supply Depot  
  93  9:02  Missile Turret  
  109  9:14  Widow Mine  
  109  9:19  Widow Mine x2, Marine x2, SCV x2  
  109  9:20  Marine x3  
  109  9:21  Marine x2, Supply Depot, SCV  
  123  9:25  Terran Infantry Weapons Level 2, Terran Infantry Armor Level 2  
  123  9:26  Medivac  
  125  9:33  Marine x2  
  125  9:34  SCV x3, Supply Depot  
  125  9:36  Supply Depot, Marine x2  
  132  9:38  Marine  
  132  9:42  Marine x4  
  132  9:45  Widow Mine x2  
  141  9:51  Medivac  
  141  9:55  Marine x2  
  141  9:56  Marine x2, SCV, Medivac  
  141  9:58  Refinery  
  146  10:00  Marine x2  
  146  10:01  Command Center  
  146  10:03  Supply Depot  
  146  10:04  Marine x2  
  150  10:07  Widow Mine  
  150  10:10  Marine  
  150  10:12  Marine x2  
  150  10:13  Marine x2  
  157  10:16  Supply Depot  
  157  10:25  Marine x3  
  142  10:36  Marine x2  
  142  10:37  Widow Mine x2, Marine x2  
  142  10:40  Marine x2  
  130  10:43  Marine  
  130  10:44  Widow Mine  
  130  10:46  Medivac x2  
  130  10:47  Marine  
  137  10:50  Marine  
  137  10:52  SCV  
  137  10:54  Marine x2  
  137  10:55  Marine x2  
  141  10:58  Widow Mine, Marine x2  
  141  11:00  Marine  
  140  11:05  Thor, Marine  
  140  11:08  Marine  
  140  11:10  Widow Mine  
  148  11:11  Marine x2  
  148  11:12  Marine  
  148  11:13  Marine  
  148  11:16  Marine x2  
  148  11:17  SCV x2  
  156  11:18  Marine  
  156  11:23  Marine  
  156  11:26  Marine  
  156  11:29  Marine x2  
  156  11:30  Widow Mine, Marine  
  156  11:32  Marine  
  163  11:33  Barracks  
  163  11:34  Barracks  
  163  11:38  Marine x2  
  163  11:39  Marine  
  154  11:43  Planetary Fortress  
  154  11:44  Marine  
  148  11:53  Thor, Widow Mine x2  
  153  11:56  Marine x2  
  153  11:57  SCV x2  
  153  11:58  Marine  
  153  12:00  Terran Infantry Weapons Level 3  
  158  12:05  Marine  
  157  12:14  Missile Turret  
  157  12:16  Marine x4  
  157  12:18  Marine x4  
  165  12:29  SCV x2  
  167  12:35  Marine x2  
  165  12:40  Command Center  
  165  12:41  Widow Mine x2  
  164  12:44  Thor  
  164  12:47  Marine  
  164  12:48  Barracks Tech Lab  
  164  12:49  Barracks Tech Lab  
  169  12:52  Marine  
  169  12:53  Marine  
  171  13:03  Supply Depot  
  171  13:08  Supply Depot  
  171  13:15  Marauder  
  173  13:24  Marine x6  
  173  13:25  Marauder  
  181  13:29  Thor, Starport Reactor  
  181  13:39  Marine  
  181  13:40  Marine x3  
  179  13:42  Marine x5  
  149  13:56  Marine  
  149  13:57  Marine x2  
  149  13:58  Marine x3  
  149  14:00  Marine x3  
  149  14:02  Widow Mine  
  148  14:09  Marine  
  87  14:29  Marine x3  
  79  14:37  Marine  
Tags
 
Add a new tag
Caveats
  • Supply blocks, unpowered buildings, or Contaminate may cause inaccurate times.
  • Supply counts are checked every 10 seconds.